 Dungeon Crawl Stone Soup version 0.21-a0-350-g2362ee1 (webtiles) character file.

3332 EvilAshe the Spear-Bearer (level 10, -6/67 HPs)
             Began as a Merfolk Skald on Oct 9, 2017.
             Was a Believer of Yredelemnul.
             Mangled by a two-headed ogre
             ... wielding a +0 giant club
              (8 damage)
             ... on level 9 of the Dungeon.
             The game lasted 00:46:52 (12082 turns).

EvilAshe the Spear-Bearer (Merfolk Skald)          Turns: 12082, Time: 00:46:52

Health: -6/67      AC:  8    Str: 14    XL:     10   Next: 2%
Magic:  6/13       EV: 15    Int: 13    God:    Yredelemnul [**....]
Gold:   454        SH:  0    Dex: 14    Spells: 4/13 levels left

rFire    . . .     SeeInvis .   J - +0 halberd
rCold    . . .     Gourm    .   (shield currently unavailable)
rNeg     + . .     Faith    .   A - +1 ring mail {rPois}
rPois    +         Spirit   .   F - +0 helmet
rElec    .         Reflect  .   (no cloak)
rCorr    .         Harm     .   l - +0 pair of gloves
MR       .....                  (no boots)
Stlth    +.........             (no amulet)
HPRegen  0.21/turn              D - ring of flight
MPRegen  0.13/turn              E - ring of positive energy

@: injury mirror, infused, singing
A: change form in water, swift swim, stealthy swim
a: Animate Remains, Recall Undead Slaves, Injury Mirror, Renounce Religion,
Evoke Flight


You were on level 9 of the Dungeon.
You worshipped Yredelemnul.
Yredelemnul was pleased with you.
You were not hungry.

You visited 1 branch of the dungeon, and saw 9 of its levels.

You collected 454 gold pieces.

Inventory:

Hand Weapons
 u - a -1 halberd
 x - a +1 trident
 J - a +0 halberd (weapon)
Missiles
 q - 314 stones
 I - a tomahawk (quivered)
Armour
 b - a +0 leather armour
 l - a +0 pair of gloves (worn)
 v - a +0 ring mail of fire resistance
 A - a +1 ring mail of poison resistance (worn)
 F - a +0 helmet (worn)
Jewellery
 D - a ring of flight (left hand)
 E - a ring of positive energy (right hand)
Wands
 j - a wand of confusion (26/48)
 o - a wand of digging (16/24)
 G - a wand of polymorph (12/24)
 H - a wand of lightning (8/15)
 K - a wand of acid (12/15)
 M - a wand of lightning (5/15)
Scrolls
 a - 3 scrolls of magic mapping {unknown}
 f - a scroll of fog
 g - a scroll of recharging {unknown}
 i - 3 scrolls of amnesia
 k - a scroll of enchant weapon
 m - a scroll of random uselessness {unknown}
 r - a scroll of noise {unknown}
 s - a scroll of remove curse
 t - 3 scrolls of teleportation {unknown}
 y - a scroll of identify
Potions
 e - 3 potions of heal wounds
 n - 2 potions of curing
 p - 3 potions of flight
 w - a potion of invisibility
 z - a potion of brilliance
 B - a potion of haste
Books
 c - a book of Battle

   Spells                             Type                      Level
   a - Infusion                       Charms                       1
   b - Shroud of Golubria             Charms/Translocation         2
   c - Song of Slaying                Charms                       2
   d - Spectral Weapon                Hexes/Charms                 3
   e - Regeneration                   Charms/Necromancy            3
 C - a book of Debilitation

   Spells                             Type                      Level
   a - Corona                         Hexes                        1
   b - Slow                           Hexes                        2
   c - Inner Flame                    Hexes/Fire                   3
   d - Portal Projectile              Hexes/Translocation          3
   e - Cause Fear                     Hexes                        4
   f - Leda's Liquefaction            Hexes/Earth                  4
Comestibles
 d - 7 bread rations
 h - 7 meat rations


   Skills:
 - Level 2.1 Fighting
 + Level 13.0 Polearms
 - Level 0.6 Armour
 + Level 8.7 Dodging
 - Level 2.0 Spellcasting
 + Level 3.1 Hexes
 - Level 8.5 Charms
 + Level 0.7 Evocations


You had 4 spell levels left.
You knew the following spells:

 Your Spells              Type           Power        Failure   Level  Hunger
a - Infusion              Chrm           ###.         1%          1    ##.....
r - Regeneration          Chrm/Necr      ##........   26%         3    ####...
s - Song of Slaying       Chrm           ###.....     2%          2    ###....
w - Spectral Weapon       Hex/Chrm       ###.....     14%         3    ####...


Dungeon Overview and Level Annotations

Branches:
Dungeon (9/15)             Temple (0/1) D:5            Lair (0/6) D:9
    Orc: D:9-12

Altars:
Fedhas
Hepliaklqana
Sif Muna
Yredelemnul
The Shining One

Shops:
D:4 (   D:6 [   D:7 !

Annotations:
D:3 Grinder


Message History

Casting: Infusion
Confirm with . or Enter, or press ? or * to list all spells.
You start singing a song of slaying.
You fail to use your ability.
You offer yourself to Yredelemnul, and are filled with unholy energy.
The two-headed ogre hits you with a giant club!
Yredelemnul mirrors your injury!
The two-headed ogre is moderately wounded.
The two-headed ogre hits you with a giant club!
Yredelemnul mirrors your injury!
The two-headed ogre is heavily wounded.
You hit the two-headed ogre.
The two-headed ogre is heavily wounded.
The two-headed ogre hits you with a giant club!!
* * * LOW HITPOINT WARNING * * *
Yredelemnul mirrors your injury!
The two-headed ogre is almost dead.
The two-headed ogre hits you with a giant club!
You die...
Your body rises from the dead as a mindless zombie.

# #. # ##.. #.#...#
##.....### ......#l.####
.......#.##># .#
#.........a.#### ...
#..≈≈≈#.###.#O@# ...# ...≈≈
##.###l### #.... ...≈
#.a.#.##.###..... ..#
#..###..#.#.#.... #.#..## .
.##.............. #.....# ..
#........##...####....#
...####.....#....##.#....#.
....#......#.##..#..###...#.
..O.#..≈≈≈..#####.#.#.....#.#


You could see a two-headed ogre and an iguana.

Vanquished Creatures
  A hippogriff (D:7)
  A spriggan (D:7)
  A hungry ghost (D:7)
  2 black bears
  An ice beast (D:8)
  An ogre (D:8)
  4 wolves (D:8)
  4 centaurs
  Blork the orc (D:6)
  6 bullfrogs
  2 scorpions
  2 killer bees (D:7)
  A bullfrog skeleton (D:6)
  A crimson imp (D:9)
  5 hounds
  3 orc priests
  A jelly (D:5)
  5 orc wizards
  Jessica (D:6)
  2 iguanas
  Natasha (D:3)
  8 worker ants
  A hound zombie (D:5)
  4 hound skeletons
  6 gnolls (D:8)
  A howler monkey skeleton (D:6)
  14 adders
  2 shadow imps
  2 adder skeletons
  2 worms
  7 leopard geckos
  27 orcs
  6 bats
  7 giant cockroaches
  9 goblins
  11 hobgoblins
  26 jackals
  3 quokkas
  4 frilled lizards
  7 kobolds
  A leopard gecko skeleton (D:4)
  8 rats
202 creatures vanquished.

Vanquished Creatures (collateral kills)
  Grum (D:7)
  A centaur skeleton (D:8)
  A worker ant (D:8)
  A jackal (D:8)
4 creatures vanquished.

Vanquished Creatures (others)
  2 wolf zombies (D:8)
  A killer bee zombie (D:7)
  An iguana zombie (D:7)
  2 orc zombies (D:6)
  2 gnoll zombies (D:8)
  5 jackal zombies
  5 spectral weapons (D:8)
18 creatures vanquished.

Grand Total: 224 creatures vanquished

Notes
Turn   | Place    | Note
-------+----------+-------------------------------------------
     0 | D:1      | EvilAshe the Merfolk Skald began the quest for the Orb.
     0 | D:1      | Reached XP level 1. HP: 16/16 MP: 3/3
   150 | D:1      | Reached XP level 2. HP: 21/22 MP: 1/5
   207 | D:1      | Learned a level 2 spell: Song of Slaying
   409 | D:1      | Reached skill level 4 in Polearms
   785 | D:1      | Reached XP level 3. HP: 24/27 MP: 3/6
  1435 | D:1      | Reached skill level 5 in Polearms
  1884 | D:2      | Reached XP level 4. HP: 32/33 MP: 7/7
  3061 | D:3      | Reached skill level 6 in Polearms
  3186 | D:3      | Reached XP level 5. HP: 26/38 MP: 2/8
  3284 | D:3      | Learned a level 3 spell: Regeneration
  3325 | D:3      | Noticed Natasha
  3352 | D:3      | Killed Natasha
  3742 | D:3      | Reached skill level 7 in Polearms
  3933 | D:3      | Reached XP level 6. HP: 39/44 MP: 1/9
  4284 | D:3      | Noticed Grinder
  4299 | D:4      | Found Mysorgh's Weapon Shop.
  4324 | D:4      | Reached skill level 5 in Charms
  4674 | D:4      | Learned a level 3 spell: Spectral Weapon
  4896 | D:4      | Reached skill level 8 in Polearms
  5351 | D:4      | Found a basalt altar of Yredelemnul.
  5354 | D:4      | Became a worshipper of Yredelemnul the Dark
  5426 | D:5      | Entered Level 5 of the Dungeon
  5434 | D:5      | Reached XP level 7. HP: 48/50 MP: 7/10
  5649 | D:5      | Reached skill level 9 in Polearms
  5851 | D:5      | Found a staircase to the Ecumenical Temple.
  6168 | D:5      | Reached skill level 10 in Polearms
  6653 | D:6      | Found Woynkuk's Antique Armour Boutique.
  6735 | D:6      | Reached XP level 8. HP: 56/56 MP: 6/11
  7268 | D:6      | Noticed Jessica
  7271 | D:6      | Killed Jessica
  7296 | D:6      | Found a deep blue altar of Sif Muna.
  7423 | D:6      | Reached * piety under Yredelemnul
  7501 | D:6      | Noticed Blork the orc
  7553 | D:6      | Killed Blork the orc
  7755 | D:6      | Reached skill level 11 in Polearms
  7884 | D:6      | Reached skill level 5 in Dodging
  8006 | D:6      | Your ally Blork died
  8479 | D:7      | Found Coamaup's Distillery.
  8725 | D:7      | Reached ** piety under Yredelemnul
  8725 | D:7      | Reached XP level 9. HP: 32/61 MP: 0/12
  9063 | D:7      | Found a glowing golden altar of the Shining One.
  9602 | D:8      | Reached skill level 12 in Polearms
  9920 | D:8      | Noticed a two-headed ogre
 10029 | D:8      | Noticed Grum
 10242 | D:7      | Killed Grum
 10495 | D:8      | Found a hazy altar of Hepliaklqana.
 10505 | D:8      | Reached skill level 1 in Hexes
 10837 | D:8      | Found a blossoming altar of Fedhas.
 11159 | D:9      | Noticed a two-headed ogre
 11817 | D:9      | Reached skill level 13 in Polearms
 12048 | D:9      | Found a staircase to the Lair.
 12074 | D:9      | Reached XP level 10. HP: 55/67 MP: 9/13
 12082 | D:9      | HP: 2/67 [two-headed ogre/giant club (26)]
 12082 | D:9      | Mangled by a two-headed ogre

Vault maps used:
D:1:      dpeg_arrival_shelter, minivault_23
D:2:      grunt_ministairs_9, serial_bayou_ford_a, minivault_24
D:3:      first_bread, uniq_grinder, uniq_natasha
D:4:      kennysheep_mini_moat, serial_shops, shop
D:5:      minmay_temple_entry_grid, nicolae_underground_beach
D:6:      serial_shops, nicolae_shop_overgrown_old_shop, tgw_sif,
          uniq_blork_the_orc
D:7:      tso_metal_star, serial_shops, shop, the_bakery
D:8:      lemuel_crystal_altar, lemuel_coloured_pillars_altar, uniq_grum
D:9:      lair_entry_dummy

Skill      XL: |  1  2  3  4  5  6  7  8  9 |
---------------+----------------------------+-----
Polearms       | 4 5 6 7 8 10 11 13 | 13.0
Charms         | 4 5 6 7 8 |  8.5
Dodging        | 3 6 8 |  8.7
Hexes          | 3 |  3.1
Fighting       | |  2.1
Armour         | |  0.6
Spellcasting   | |  2.0
Evocations     | |  0.7

Action                   |  1- 3 |  4- 6 |  7- 9 | 10-12 || total
-------------------------+-------+-------+-------+-------++-------
Melee: Spear             |   165 |   222 |       |       ||   387
       Trident           |       |    55 |   343 |       ||   398
       Halberd           |       |       |    98 |     4 ||   102
Throw: Stone             |       |     8 |    11 |       ||    19
       Tomahawk          |       |     3 |    13 |       ||    16
 Cast: Infusion          |     9 |    30 |    33 |       ||    72
       Song of Slaying   |     2 |     4 |    11 |     1 ||    18
       Spectral Weapon   |       |       |     6 |       ||     6
       Regeneration      |       |       |     1 |       ||     1
Invok: Animate Remains   |       |       |    14 |       ||    14
       Injury Mirror     |       |       |       |     1 ||     1
Evoke: Wand              |       |       |     4 |       ||     4
  Use: Scroll            |       |       |    15 |       ||    15
 Stab: Sleeping          |       |     2 |       |       ||     2
  Eat: Chunk             |     3 |    13 |    22 |       ||    38
       Royal jelly       |       |       |     2 |       ||     2
       Meat ration       |       |       |     1 |       ||     1
Armor: Leather armour    |    43 |    41 |     3 |       ||    87
       Ring mail         |       |       |    94 |     1 ||    95
Dodge: Dodged            |    76 |   104 |   216 |       ||   396

Table legend:
 A = Spawn XP
 B = Non-spawn XP
 C = Spawn XP percentage of total XP
 D = Spawn monster count
 E = Non-spawn monster count
 F = Spawn count percentage of total count
 G = Total turns spent on level
                    A         B        C        D         E        F      G
               +---------+---------+-------+---------+---------+-------+---------
         Total |       0 |    4760 |   0.0 |       0 |     206 |   0.0 | 12082
               +---------+---------+-------+---------+---------+-------+---------
           D:1 |       0 |      42 |   0.0 |       0 |      24 |   0.0 |  1328
           D:2 |       0 |      73 |   0.0 |       0 |      26 |   0.0 |  1447
           D:3 |       0 |     229 |   0.0 |       0 |      29 |   0.0 |  1524
           D:4 |       0 |     261 |   0.0 |       0 |      21 |   0.0 |  1251
           D:5 |       0 |     542 |   0.0 |       0 |      22 |   0.0 |  1320
           D:6 |       0 |     776 |   0.0 |       0 |      22 |   0.0 |  1336
           D:7 |       0 |    1033 |   0.0 |       0 |      19 |   0.0 |  1751
           D:8 |       0 |    1290 |   0.0 |       0 |      31 |   0.0 |  1823
           D:9 |       0 |     514 |   0.0 |       0 |      12 |   0.0 |   302
               +---------+---------+-------+---------+---------+-------+---------
